 Dungeon Crawl Stone Soup version 0.26-a0-21-gf97e55dc39 (webtiles) character file.

Game seed: 11326320036521209121, levelgen mode: deterministic

64226 vurker the Devastator (level 14, 0/127 HPs)
             Began as a Red Draconian Conjurer on May 26, 2020.
             Was a High Priest of Vehumet.
             Slain by a skeletal warrior
             ... wielding a +0 halberd
              (12 damage)
             ... while petrified by Jorgrun
             ... on level 13 of the Dungeon.
             The game lasted 01:18:42 (34234 turns).

vurker the Devastator (Red Draconian Conjurer)     Turns: 34234, Time: 01:18:42

Health: 0/127      AC: 15    Str: 10    XL:     14   Next: 71%
Magic:  11/32      EV: -1    Int: 21    God:    Vehumet [*****.]
Gold:   1456       SH:  0    Dex: 12    Spells: 31/42 levels left

rFire    + . .     SeeInvis .   a - staff of conjuration
rCold    . . .     Gourm    .   m - +0 buckler
rNeg     + + +     Faith    .   (armour unavailable)
rPois    ∞         Spirit   .   (helmet restricted)
rElec    .         Reflect  .   A - +0 cloak
rCorr    .         Harm     .   l - +2 pair of gloves
MR       ++...                  M - +2 pair of boots {Stlth+}
Stlth    +++.......             h - amulet of regeneration
HPRegen  0.71/turn              K - ring of protection from magic
MPRegen  0.23/turn              F - +4 ring of evasion

@: petrified, grasped by roots, constricted
A: breathe fire, unfitting armour, fire resistance 1, cold-blooded, AC +8
a: Breathe Fire, Renounce Religion


You were on level 13 of the Dungeon.
You worshipped Vehumet.
Vehumet was extremely pleased with you.
You were not hungry.

You visited 4 branches of the dungeon, and saw 22 of its levels.
You also visited: Ossuary.

You collected 2213 gold pieces.
You spent 757 gold pieces at shops.

Inventory:

Hand Weapons
 b - a +3 dagger of flaming
   (You took it off a kobold on level 11 of the Dungeon)
Armour
 l - a +2 pair of gloves (worn)
   (You found it on level 1 of the Dungeon)
 m - a +0 buckler (worn)
   (You found it on level 13 of the Dungeon)
 A - a +0 cloak (worn)
   (You found it on level 7 of the Dungeon)
 M - a +2 pair of boots of stealth (worn)
   (You found it on level 6 of the Lair of Beasts)
Magical Staves
 a - an uncursed staff of conjuration (weapon)
   (You found it on level 10 of the Dungeon)
 L - an uncursed staff of air
   (You found it on level 5 of the Lair of Beasts)
Jewellery
 h - an amulet of regeneration (around neck)
   (You found it on level 7 of the Dungeon)
 y - an uncursed ring of flight
   (You found it on level 5 of the Dungeon)
 F - a +4 ring of evasion (right hand)
   (You took it off an orc warrior on level 11 of the Dungeon)
 K - a ring of protection from magic (left hand)
   (You found it on level 3 of the Lair of Beasts)
 O - the ring of Lanu Pye {Fire Int+8 Slay+2}
   (You found it on level 6 of the Lair of Beasts)

   [ring of fire]

   It enhances your fire magic.
   It affects your intelligence (+8).
   It affects your accuracy and damage with ranged weapons and melee attacks
   (+2).
   It protects you from fire.
   It makes you vulnerable to cold.
Wands
 c - a wand of disintegration (18)
   (You found it on level 6 of the Dungeon)
 d - a wand of iceblast (5)
   (You found it on level 11 of the Dungeon)
 t - a wand of flame (30)
   (You found it on level 7 of the Dungeon)
 v - a wand of digging (5)
   (You found it on level 11 of the Dungeon)
 x - a wand of acid (1)
   (You found it on level 2 of the Lair of Beasts)
 H - a wand of enslavement (19)
   (You found it on level 1 of the Lair of Beasts)
 J - a wand of polymorph (6)
   (You found it on level 4 of the Lair of Beasts)
Scrolls
 j - 2 scrolls of magic mapping
 o - 7 scrolls of remove curse
 s - a scroll of blinking
 u - 2 scrolls of fog
 w - 3 scrolls of immolation
 z - 14 scrolls of teleportation
 C - a scroll of enchant weapon
 G - 5 scrolls of brand weapon
 N - a scroll of enchant armour
Potions
 f - a potion of invisibility
 g - 8 potions of flight
 i - 5 potions of brilliance
 k - 11 potions of curing
 n - 2 potions of magic
 p - 2 potions of ambrosia
 q - 2 potions of cancellation
 r - 3 potions of resistance
 B - 4 potions of lignification
 D - 7 potions of heal wounds
 E - 3 potions of haste
 I - a potion of mutation
Comestibles
 e - 30 rations


   Skills:
 + Level 12.4 Fighting
 - Level 5.0 Dodging
 - Level 1.7 Stealth
 * Level 0.8 Shields
 * Level 14.7 Spellcasting
 + Level 15.6 Conjurations
 * Level 4.8 Fire Magic


You had 31 spell levels left.
You knew the following spells:

 Your Spells              Type           Power        Failure   Level  Hunger
a - Magic Dart            Conj           ####         0%          1    None
b - Searing Ray           Conj           ######       0%          2    None
w - Blink                 Tloc           N/A          9%          2    None
x - Starburst             Conj/Fire      ######....   3%          6    #####..

Your spell library contained the following spells:

 Spells                   Type           Power        Failure   Level  Hunger
 Freeze                   Ice            ###.         1%          1    None
 Sandblast                Erth           ###...       1%          1    None
 Conjure Flame            Conj/Fire      ######..     1%          3    None
 Dazzling Flash           Conj/Hex       ######       1%          3    None
 Inner Flame              Hex/Fire       ####....     1%          3    None
 Mephitic Cloud           Conj/Pois/Air  ######..     1%          3    None
 Stone Arrow              Conj/Erth      ######       1%          3    None
 Fulminant Prism          Conj/Hex       ######....   1%          4    None
 Hailstorm                Conj/Ice       ######..     1%          4    None
 Iskenderun's Mystic Bla  Conj/Tloc      ######..     1%          4    None
 Frozen Ramparts          Ice            ###...       4%          3    None
 Animate Skeleton         Necr           N/A          6%          1    None
 Corona                   Hex            ###....      6%          1    None
 Infusion                 Chrm           ###.         6%          1    None
 Pain                     Necr           ###.         6%          1    None
 Call Imp                 Summ           ###.....     9%          2    None
 Passwall                 Tmut/Erth      ###.....     9%          2    None
 Shroud of Golubria       Chrm/Tloc      ###...       9%          2    None
 Slow                     Hex            ###.....     9%          2    None
 Song of Slaying          Chrm           ###.....     9%          2    None
 Ozocubu's Armour         Chrm/Ice       ###.....     17%         3    None
 Portal Projectile        Hex/Tloc       ###...       17%         3    None
 Spectral Weapon          Hex/Chrm       ###.....     17%         3    None
 Vampiric Draining        Necr           ###.......   17%         3    None
 Lee's Rapid Deconstruct  Erth           ###.......   36%         5    ###....
 Animate Dead             Necr           N/A          50%         4    None
 Cause Fear               Hex            ###.......   50%         4    None
 Leda's Liquefaction      Hex/Erth       ###.......   50%         4    None
 Petrify                  Tmut/Erth      ###.....     50%         4    None
 Summon Ice Beast         Ice/Summ       ###.....     50%         4    None
 Agony                    Necr           ###.....     85%         5    ###....


Dungeon Overview and Level Annotations

Branches:
Dungeon (13/15)            Temple (1/1) D:5            Lair (6/6) D:11
 Shoals (0/4) Lair:4        Snake (0/4) Lair:2        Slime (0/5) Lair:5
    Orc (2/2) D:12            Elf (0/3) Orc:2       Ossuary (visited)
 Vaults: D:13-14

Altars:
Ashenzari
Elyvilon
Gozag
Hepliaklqana
Makhleb
Okawaru
Qazlal
Ru
Sif Muna
Trog
Vehumet
Wu Jian
Xom
Yredelemnul
The Shining One
Jiyva

Shops:
D:5 }   D:7 :   D:12 }?**:   Orc:1 ?=?   Orc:2 !:*}

Annotations:
D:13 Erolcha; Jorgrun
Lair:4 3 runed translucent doors, Thantalas's ghost, journeyman DECj
Lair:5 3 runed translucent doors, Qeorph's ghost, journeyman FoAK


Innate Abilities, Weirdness & Mutations

You can breathe blasts of fire.
Your fiery red scales are hard. (AC +8)
You cannot fit into any form of body armour.
Your flesh is heat resistant. (rF+)
You are cold-blooded and may be slowed by cold attacks.


Message History

You feel a surge of power!
The searing ray hits Jorgrun. (Press . to maintain the ray.) Jorgrun points at you and mumbles some strange words.
Roots burst forth from the earth!
The grasping roots grab you! The grasping roots constrict you!
The searing ray hits Jorgrun.
The grasping roots constrict you!!
The searing ray hits Jorgrun!
Jorgrun casts a spell at you.
You easily resist.
The grasping roots constrict you.
The searing ray hits Jorgrun!
You finish channeling your searing ray.
Jorgrun casts a spell at you. The iron shot hits you!!!
* * * LOW HITPOINT WARNING * * *
* * * LOW HITPOINT WARNING * * *
The grasping roots constrict you!
Aim: Jorgrun, wielding a +0 vorpal quarterstaff and wearing a +0 robe (heavily wounded)
You feel a surge of power!
The searing ray misses Jorgrun. (Press . to maintain the ray.)
* * * LOW HITPOINT WARNING * * *
The grasping roots constrict you!
You feel a surge of power!
The bolt of fire hits Jorgrun!!
You hear a shout!
Jorgrun points at you and mumbles some strange words.
You are slowing down.
The grasping roots constrict you.
You feel a surge of power!
The bolt of fire misses Jorgrun.
Jorgrun points at you and mumbles some strange words.
You easily resist.
* * * LOW HITPOINT WARNING * * *
The grasping roots constrict you.
The skeletal warrior hits you from afar with a +0 halberd.
* * * LOW HITPOINT WARNING * * *
Jorgrun gestures at you while chanting.
Your limbs have turned to stone.
* * * LOW HITPOINT WARNING * * *
The grasping roots constrict you!
You have turned to stone.
The skeletal warrior hits you but does no damage.
Jorgrun hits you with a +0 vorpal quarterstaff.
The grasping roots constrict you.
Jorgrun hits you with a +0 vorpal quarterstaff.
* * * LOW HITPOINT WARNING * * *
The grasping roots constrict you.
The skeletal warrior hits you from afar with a +0 halberd!
* * * LOW HITPOINT WARNING * * *
Jorgrun hits you but does no damage.
* * * LOW HITPOINT WARNING * * *
The grasping roots constrict you!
The skeletal warrior hits you from afar with a +0 halberd!!
You die...

####+###########
...............#
...............#
>..............#
.........
...............##
........
.........<......##
.......
.......<.........#
......
............@g.+...
g....
..............z#


.KK .<................ #'# #########O##.......z ###(# #.########## #.(.# #..#
#.### #########'### #######†#### #...........# #.......)... #...........###
#...z.zz.<.. You could see Jorgrun, 2 skeletal warriors and Erolcha.

Vanquished Creatures
  A dire elephant (Lair:6)
  6 hydras
  2 catoblepae
  10 two-headed ogres
  10 death yaks
  Urug (Lair:6)
  2 ogre magi
  A deep troll shaman (Lair:6)
  An orc high priest (Orc:2)
  Sonja (D:11)
  Nergalle (D:12)
  A deep troll (Orc:2)
  2 skeletal warriors (D:12)
  An iron troll (Orc:2)
  An unseen horror (D:12)
  A lindwurm (Lair:6)
  2 ugly things
  3 cyclopes
  An oklob plant (Lair:4)
  2 orc sorcerers (Orc:1)
  9 elephants (Lair:6)
  2 manticores (D:12)
  5 black mambas
  A merfolk siren (Lair:4)
  Maurice (D:11)
  9 spiny frogs
  2 rime drakes
  A rime drake (shapeshifter) (D:13)
  8 komodo dragons
  10 trolls
  Grinder (D:4)
  2 polar bears (Lair:6)
  6 hippogriffs
  5 blink frogs
  A vampire (D:10)
  A wraith (D:10)
  24 yaks
  A basilisk (Lair:5)
  A wyvern (Lair:1)
  3 hungry ghosts
  A soldier ant (D:12)
  3 wargs
  6 water moccasins
  4 porcupines
  A swamp drake (D:12)
  3 ice beasts
  18 orc warriors
  4 necrophages (D:12)
  4 black bears
  30 ogres
  A phantom (D:6)
  A sky beast (D:5)
  8 wolves
  2 centaurs (D:11)
  10 crocodiles
  3 big kobolds
  15 bullfrogs
  2 water moccasin zombies (Ossuary)
  A wyvern skeleton (D:13)
  5 scorpions
  A water moccasin skeleton (D:9)
  16 killer bees
  4 howler monkeys
  13 wights
  3 electric eels
  5 crimson imps
  3 bullfrog zombies
  3 bullfrog skeletons
  5 jellies
  A gnoll shaman (D:6)
  10 orc priests
  3 centaur skeletons (D:11)
  8 hounds
  21 orc wizards
  Terence (D:3)
  2 iguanas
  14 worker ants
  A big kobold zombie (Ossuary)
  2 hound zombies
  4 mummies
  A howler monkey zombie (D:6)
  A worker ant zombie (D:10)
  18 gnolls
  19 adders
  2 shadow imps (D:10)
  3 oozes
  8 adder zombies
  2 adder skeletons
  6 worms
  2 dart slugs
  7 leopard geckos
  77 orcs
  3 giant cockroaches
  8 goblins
  5 hobgoblins
  10 jackals
  61 kobolds
  5 quokkas
  7 ball pythons
  10 bats
  6 frilled lizards
  3 gnoll zombies (Ossuary)
  A goblin zombie (D:5)
  A hobgoblin zombie (Ossuary)
  4 kobold zombies (Ossuary)
  A leopard gecko skeleton (D:4)
  9 orc zombies (Ossuary)
  10 rats
  A rat zombie (D:5)
676 creatures vanquished.

Vanquished Creatures (others)
  A fulminant prism (D:11)
  16 fungi
  11 plants
28 creatures vanquished.

Grand Total: 704 creatures vanquished

Notes
Turn   | Place    | Note
-------+----------+-------------------------------------------
     0 | D:1      | vurker the Draconian Conjurer began the quest for the Orb.
     0 | D:1      | Reached XP level 1. HP: 14/14 MP: 3/3
   216 | D:1      | Reached XP level 2. HP: 22/22 MP: 0/5
  1032 | D:2      | Reached skill level 1 in Fighting
  1165 | D:2      | Reached XP level 3. HP: 16/28 MP: 0/6
  1169 | D:2      | Learned a level 2 spell: Searing Ray
  1635 | D:2      | Reached XP level 4. HP: 25/35 MP: 3/8
  2852 | D:3      | Noticed Terence
  3007 | D:3      | Reached skill level 5 in Conjurations
  3094 | D:3      | Killed Terence
  3094 | D:3      | Reached XP level 5. HP: 23/41 MP: 0/10
  3729 | D:3      | Found a glowing golden altar of the Shining One.
  4116 | D:3      | Found an ornate altar of the Wu Jian Council.
  4691 | D:4      | Reached XP level 6. HP: 50/50 MP: 5/12
  4751 | D:4      | Found a burning altar of Makhleb.
  5421 | D:4      | Noticed Grinder
  5439 | D:4      | Killed Grinder
  5439 | D:4      | Reached skill level 6 in Conjurations
  5439 | D:4      | Your scales start taking on a fiery red colour.
  5439 | D:4      | Reached XP level 7. HP: 57/57 MP: 5/14
  5439 | D:4      | Gained mutation: Your flesh is heat resistant. (rF+) [Red
                  | Draconian growth]
  5847 | D:4      | Reached skill level 5 in Spellcasting
  6779 | D:5      | Entered Level 5 of the Dungeon
  6887 | D:5      | Found a staircase to the Ecumenical Temple.
  6964 | D:5      | Found a hazy altar of Hepliaklqana.
  6969 | D:5      | Reached skill level 7 in Conjurations
  7090 | D:5      | Reached XP level 8. HP: 66/66 MP: 11/16
  7245 | D:5      | Found a sand-covered staircase.
  7252 | Ossuary  | Entered an ossuary
  8190 | D:5      | Found Boprau Migi's Gadget Shop.
  8372 | Temple   | Entered the Ecumenical Temple
  8415 | Temple   | Became a worshipper of Vehumet
  8911 | D:6      | Reached skill level 5 in Fighting
  8941 | D:6      | Reached skill level 8 in Conjurations
  9558 | D:6      | Reached XP level 9. HP: 60/74 MP: 2/19
 10025 | D:6      | Found a shattered altar of Ashenzari.
 10334 | D:7      | Reached skill level 9 in Conjurations
 10474 | D:7      | Found Umonof's Book Emporium.
 10614 | D:7      | Reached * piety under Vehumet
 10614 | D:7      | Offered knowledge of Sandblast by Vehumet.
 11262 | D:7      | Learned a level 2 spell: Blink
 11267 | D:7      | Learned a level 4 spell: Fulminant Prism
 11730 | D:8      | Noticed a two-headed ogre
 12035 | D:8      | Reached skill level 10 in Conjurations
 12147 | D:8      | Reached XP level 10. HP: 84/84 MP: 16/22
 12190 | D:8      | Reached ** piety under Vehumet
 12260 | D:8      | Offered knowledge of Shock by Vehumet.
 12446 | D:9      | Found an iron altar of Okawaru.
 13258 | D:9      | Offered knowledge of Static Discharge by Vehumet.
 13743 | D:10     | Entered Level 10 of the Dungeon
 14123 | D:10     | Reached skill level 11 in Conjurations
 14443 | D:10     | Reached *** piety under Vehumet
 15100 | D:11     | Noticed a purple ugly thing
 15122 | D:11     | Killed a purple ugly thing
 15122 | D:11     | Reached skill level 10 in Spellcasting
 15255 | D:11     | Offered knowledge of Olgreb's Toxic Radiance by Vehumet.
 15275 | D:11     | Learned a level 4 spell: Olgreb's Toxic Radiance
 15312 | D:11     | Noticed Maurice
 15361 | D:11     | Killed Maurice
 15361 | D:11     | Reached XP level 11. HP: 75/94 MP: 17/25
 16222 | D:11     | Noticed Sonja
 16229 | D:11     | Killed Sonja
 16464 | D:11     | Killed a two-headed ogre
 16552 | D:11     | Reached **** piety under Vehumet
 16728 | D:11     | Found a staircase to the Lair.
 16759 | D:11     | Reached skill level 12 in Conjurations
 17111 | Lair:1   | Entered Level 1 of the Lair of Beasts
 17179 | Lair:1   | Offered knowledge of Ignite Poison by Vehumet.
 17399 | Lair:1   | Noticed a seven-headed hydra
 17425 | Lair:1   | Killed a seven-headed hydra
 18592 | Lair:2   | Found a staircase to the Snake Pit.
 18719 | Lair:2   | Noticed a four-headed hydra
 18728 | Lair:2   | Killed a four-headed hydra
 19517 | Lair:3   | Noticed a five-headed hydra
 19535 | Lair:3   | Killed a five-headed hydra
 19535 | Lair:3   | Reached XP level 12. HP: 60/105 MP: 11/27
 19797 | Lair:3   | Reached skill level 13 in Conjurations
 20727 | Lair:4   | Noticed a six-headed hydra
 20733 | Lair:4   | Killed a six-headed hydra
 20733 | Lair:4   | Reached skill level 10 in Fighting
 20837 | Lair:4   | Noticed an eight-headed hydra
 20853 | Lair:4   | Killed an eight-headed hydra
 20927 | Lair:4   | Noticed a minotaur
 20929 | Lair:4   | Noticed an eight-headed hydra
 20929 | Lair:4   | Noticed Thantalas's ghost (journeyman DECj)
 21073 | Lair:4   | Noticed a death yak
 21073 | Lair:4   | Noticed a death yak
 21074 | Lair:4   | Found a runed translucent gate.
 21074 | Lair:4   | Found a runed translucent gate.
 21074 | Lair:4   | Found a runed translucent gate.
 21074 | Lair:4   | Noticed a death yak
 21074 | Lair:4   | Noticed a death yak
 21075 | Lair:4   | Noticed a death yak
 21076 | Lair:4   | Noticed a death yak
 21099 | Lair:4   | Killed a death yak
 21165 | Lair:3   | Killed a death yak
 21468 | Lair:3   | Killed a death yak
 21866 | Lair:3   | Killed a death yak
 22051 | Lair:3   | Killed a death yak
 22051 | Lair:3   | Reached skill level 14 in Conjurations
 22128 | Lair:4   | Killed a death yak
 22463 | Lair:4   | Reached XP level 13. HP: 102/114 MP: 14/29
 22601 | Lair:4   | Found a staircase to the Shoals.
 22931 | Lair:4   | Found a runed translucent gate.
 22931 | Lair:4   | Found a runed translucent gate.
 22931 | Lair:4   | Found a runed translucent gate.
 23051 | Lair:4   | Found a staircase to the Shoals.
 23965 | Lair:5   | Found a runed translucent gate.
 23965 | Lair:5   | Found a runed translucent gate.
 23965 | Lair:5   | Found a runed translucent gate.
 23966 | Lair:5   | Noticed Qeorph's ghost (journeyman FoAK)
 24130 | Lair:5   | Found a viscous altar of Jiyva.
 24130 | Lair:5   | Found a staircase to the Slime Pits.
 24242 | Lair:6   | Entered Level 6 of the Lair of Beasts
 24252 | Lair:6   | Noticed Urug
 24491 | Lair:6   | Killed Urug
 26726 | Lair:6   | Reached skill level 15 in Conjurations
 26905 | Lair:6   | Noticed a dire elephant
 27209 | Lair:6   | Killed a dire elephant
 27331 | Lair:6   | Got a bound lead ring
 27335 | Lair:6   | Identified the ring of Lanu Pye {Fire Int+8 Slay+2} (You
                  | found it on level 6 of the Lair of Beasts)
 27749 | D:12     | Found Qigibucui's Magic Scroll Boutique.
 27840 | D:12     | Noticed Nergalle
 27849 | D:12     | Killed Nergalle
 28002 | D:12     | Reached ***** piety under Vehumet
 28037 | D:12     | Offered knowledge of Spellforged Servitor by Vehumet.
 28244 | D:12     | Found a staircase to the Orcish Mines.
 28306 | D:12     | Reached XP level 14. HP: 120/125 MP: 29/31
 28576 | D:12     | Found Suygud's Gadget Shoppe.
 28655 | D:12     | Found Afidarar's General Store.
 28663 | D:12     | Bought a potion of heal wounds for 70 gold pieces
 28703 | D:12     | Found Reddack's Elemental Accessories.
 28936 | D:12     | Found Fonuer's Book Boutique.
 29248 | D:13     | Noticed Jorgrun
 29280 | D:13     | Noticed Erolcha
 29321 | Orc:1    | Entered Level 1 of the Orcish Mines
 29924 | Orc:2    | Entered Level 2 of the Orcish Mines
 29924 | Orc:2    | Found Vewu's Book Shop.
 29924 | Orc:2    | Found Cumogywn's Gadget Emporium.
 30059 | Orc:1    | Found Cos Ismanli's Jewellery Shoppe.
 30116 | Orc:1    | Found Puvif's Magic Scroll Boutique.
 30125 | Orc:1    | Bought a scroll of blinking for 90 gold pieces
 30125 | Orc:1    | Bought a scroll of teleportation for 36 gold pieces
 31056 | Orc:1    | Reached skill level 5 in Dodging
 31155 | D:12     | Offered knowledge of Starburst by Vehumet.
 31303 | D:12     | Learned a level 6 spell: Starburst
 31309 | Orc:1    | Reached skill level 1 in Fire Magic
 32552 | Orc:2    | Found Ysoho Wie's General Store.
 32567 | Orc:2    | Bought a scroll of teleportation for 36 gold pieces
 32567 | Orc:2    | Bought a scroll of fog for 24 gold pieces
 32569 | Orc:2    | Found Ysomm's Distillery.
 32589 | Orc:2    | Bought a potion of mutation for 96 gold pieces
 32589 | Orc:2    | Bought a potion of heal wounds for 60 gold pieces
 32589 | Orc:2    | Bought 2 potions of heal wounds for 120 gold pieces
 32589 | Orc:2    | Bought a potion of heal wounds for 60 gold pieces
 32589 | Orc:2    | Bought a potion of haste for 120 gold pieces
 32845 | Orc:2    | Found a staircase to the Elven Halls.
 33052 | Orc:1    | Found Waatuami's Magic Scroll Boutique.
 33135 | Orc:1    | Bought a scroll of teleportation for 45 gold pieces
 34234 | D:13     | Slain by a skeletal warrior

Illustrated notes

Levels and vault maps discovered:
D:1:      lightli_arrival_lavapool, layout_loops_ring, hangedman_decor_points
D:2:      layout_basic, first_ration, minmay_hexomino_p4
D:3:      layout_basic, marbit_many_paths, tso_oasis_becter,
          minmay_starry_boxes, uniq_terence
D:4:      minmay_goblin_kobold_castle, layout_loops_ring,
          nicolae_overflow_crystal_walls, minmay_snake_closets, uniq_grinder
D:5:      layout_basic, lemuel_round_altar, temple_fountains, serial_shops,
          nicolae_shop_trees, enter_ossuary_4, kennysheep_generic_room_13
D:6:      layout_rooms, old_standard_altar
D:7:      layout_cave_pools, serial_shops, nicolae_shop_waterfront
D:8:      layout_loops_ring, grunt_pizzeria
D:9:      layout_basic, okawaru_ov_weapons_minmay
D:10:     layout_basic
D:11:     layout_loops_corners, erik_lair_orcish_takeover, minmay_puff,
          uniq_sonja, uniq_maurice
D:12:     layout_roguey, erik_orc_1, serial_undead, serial_undead_d,
          serial_undead_a, serial_undead_f, serial_undead_b, serial_undead_c,
          serial_undead_b, serial_shops, shop, kennysheep_little_box,
          nicolae_shop_stone, nicolae_shop_trees, nicolae_elemental_shop,
          uniq_nergalle
D:13:     layout_roguey [special_room_orc], david_vaults_2, uniq_jorgrun,
          uniq_erolcha
Temple:   minmay_crystal_spiral_temple
Lair:1:   layout_gridlike, grunt_megastairs_5
Lair:2:   layout_cellular_growth, dummy_snake_entry, st_stairs_7
Lair:3:   layout_misc_corridors, serial_bayou_ford_a
Lair:4:   layout_roguey, minmay_shoals_entry_lonely_mermaid,
          maelrawn_ghost_gauntlet_escape, st_stairs_5,
          infiniplex_staircase_pool_2, serial_bayou_shore_b
Lair:5:   layout_big_grid, dpeg_slime_entry_enclosed_altar,
          gammafunk_ghost_necromancy, serial_bayou_shore_a, lemuel_fruit_fields
Lair:6:   grunt_lair_end_beastmaster, layout_regular_city, uniq_urug
Orc:1:    nicolae_orc_accident_1, layout_caves, serial_shops, shop_scrolls,
          shop, shop
Orc:2:    st_orc_open, layout_caves

Skill      XL: |  1  2  3  4  5  6  7  8  9 10 11 12 13 14 |
---------------+-------------------------------------------+-----
Fighting       | 1 2 3 4 5 6 8 9 10 11 12 | 12.4
Spellcasting   | 3 4 5 7 8 10 11 12 13 14 | 14.7
Conjurations   | 5 6 7 8 10 11 12 14 15 | 15.6
Dodging        | 4 5 |  5.0
Fire Magic     | 4 |  4.8
Stealth        | |  1.7
Shields        | |  0.8

Action                   |  1- 3 |  4- 6 |  7- 9 | 10-12 | 13-15 || total
-------------------------+-------+-------+-------+-------+-------++-------
Melee: Dagger            |    13 |    46 |    11 |    11 |    15 ||    96
       Tailslap          |       |     2 |     1 |     3 |     3 ||     9
       Short sword       |       |       |    16 |     4 |       ||    20
       Staff             |       |       |       |     1 |     2 ||     3
 Cast: Magic Dart        |    66 |   145 |   275 |   348 |   312 ||  1146
       Searing Ray       |     1 |    16 |    85 |   190 |   290 ||   582
       Blink             |       |       |       |    20 |    17 ||    37
       Fulminant Prism   |       |       |       |     1 |       ||     1
       Starburst         |       |       |       |       |    25 ||    25
 Abil: Breathe Fire      |       |       |       |       |     1 ||     1
Evoke: Wand              |       |       |       |       |    38 ||    38
  Use: Scroll            |       |     9 |    11 |     7 |     4 ||    31
       Potion            |       |       |       |     2 |     3 ||     5
 Stab: Sleeping          |       |       |     1 |       |       ||     1
  Eat: Chunk             |     2 |    13 |    17 |    19 |    30 ||    81
       Ration            |       |       |     1 |     4 |     4 ||     9
Armor: Skin              |    11 |    28 |    77 |   129 |   171 ||   416
Dodge: Dodged            |    14 |    67 |   103 |   229 |   489 ||   902
Block: Buckler           |       |       |       |       |     1 ||     1

Table legend:
 A = Non-vault XP
 B = Vault XP
 C = Vault XP percentage of total XP
 D = Non-vault monster count
 E = Vault monster count
 F = Vault count percentage of total count
                 A         B        C        D         E       F
            +---------+---------+-------+---------+---------+-------
      Total |   59253 |   32499 |  35.4 |     471 |     205 |  30.3
            +---------+---------+-------+---------+---------+-------
        D:1 |      29 |       0 |   0.0 |      18 |       0 |   0.0
        D:2 |      95 |       7 |   6.9 |      16 |       2 |  11.1
        D:3 |     120 |      58 |  32.6 |      26 |       9 |  25.7
        D:4 |     306 |     604 |  66.4 |      22 |      59 |  72.8
        D:5 |     559 |      36 |   6.1 |      20 |       3 |  13.0
        D:6 |    1031 |       0 |   0.0 |      30 |       0 |   0.0
        D:7 |    1182 |       0 |   0.0 |      21 |       0 |   0.0
        D:8 |    1304 |     133 |   9.3 |      27 |       1 |   3.6
        D:9 |    2668 |       0 |   0.0 |      25 |       0 |   0.0
       D:10 |     788 |       0 |   0.0 |      13 |       0 |   0.0
       D:11 |    4272 |    1820 |  29.9 |      50 |      11 |  18.0
       D:12 |    5206 |    2767 |  34.7 |      25 |      30 |  54.5
       D:13 |     876 |       0 |   0.0 |      12 |       0 |   0.0
     Lair:1 |    2962 |       0 |   0.0 |      11 |       0 |   0.0
     Lair:2 |    2825 |     508 |  15.2 |      10 |       2 |  16.7
     Lair:3 |    8255 |       0 |   0.0 |      22 |       0 |   0.0
     Lair:4 |    8680 |     617 |   6.6 |      27 |       2 |   6.9
     Lair:5 |    3300 |    1051 |  24.2 |      11 |       3 |  21.4
     Lair:6 |    8954 |    9236 |  50.8 |      24 |      16 |  40.0
      Orc:1 |    4249 |    8521 |  66.7 |      35 |      20 |  36.4
      Orc:2 |    1592 |    6866 |  81.2 |      26 |      19 |  42.2
    Ossuary |       0 |     275 | 100.0 |       0 |      28 | 100.0
            +---------+---------+-------+---------+---------+-------
